 Dungeon Crawl Stone Soup version 0.27.0-1-g7a089689b8 (webtiles) character file.

Game seed: 6416830574177488195

211 wakim the Covered (level 5, -1/33 HPs)
             Began as a Gargoyle Fighter on Aug 2, 2021.
             Was a Follower of Yredelemnul.
             Slain by Duvessa (3 damage)
             ... on level 4 of the Dungeon.
             The game lasted 00:11:41 (5278 turns).

wakim the Covered (Gargoyle Fighter)                Turns: 5278, Time: 00:11:41

Health: -1/33      AC: 17    Str: 20    XL:     5   Next: 88%
Magic:  5/5        EV:  6    Int:  9    God:    Yredelemnul [*.....]
Gold:   115        SH:  0    Dex:  9    Spells: 4/4 levels left

rFire    . . .     SeeInvis .   a - +1 flail
rCold    . . .     Faith    .   (no shield)
rNeg     + . .     Spirit   .   d - +1 plate armour
rPois    ∞         Reflect  .   (no helmet)
rElec    +         Harm     .   (no cloak)
rCorr    .         Rampage  .   (no gloves)
Will     .....                  (no boots)
Stlth    ..........             (no amulet)
HPRegen  0.11/turn              (no ring)
MPRegen  0.09/turn              (no ring)

@: no status effects
A: sickness immunity, AC +4, negative energy resistance 1, electricity
resistance, torment resistance 1, petrification resistance
a: Renounce Religion, Animate Remains


You were on level 4 of the Dungeon.
You worshipped Yredelemnul.
Yredelemnul was aware of your devotion.
You visited 1 branch of the dungeon, and saw 4 of its levels.

You collected 115 gold pieces.

Inventory:

Hand Weapons
 a - a +1 flail (weapon)
Missiles
 j - 42 bolts
Armour
 c - a +0 kite shield
 d - a +1 plate armour (worn)
Wands
 v - a wand of flame (20)
 y - a wand of paralysis (7)
Scrolls
 b - 2 scrolls of enchant weapon
 R - 3 scrolls of magic mapping {!r}
 T - a scroll of teleportation
Potions
 e - 2 potions of haste {unknown}
 f - 2 potions of degeneration {unknown}
 g - a potion of flight {unknown}
 h - a potion of mutation {unknown}
 i - a potion of lignification {unknown}
 k - 3 potions of curing {unknown}
 l - a potion of brilliance {unknown}
 B - 2 potions of attraction {!q}
 N - 2 potions of might


   Skills:
 + Level 4.1 Fighting
 * Level 3.9 Maces & Flails
 * Level 4.4 Armour
 + Level 4.1 Shields
 + Level 0.5 Invocations


You had 4 spell levels left.
You didn't know any spells.
Your spell library contained the following spells:

 Spells                   Type           Power      Damage    Failure   Level
 Summon Small Mammal      Summ           0%         N/A       100%        1
 Wereblood                Tmut           0%         N/A       100%        2
 Call Canine Familiar     Summ           0%         N/A       100%        3
 Summon Guardian Golem    Hex/Summ       0%         N/A       100%        3
 Summon Hydra             Summ           0%         N/A       100%        7
 Sublimation of Blood     Necr           Unusable   N/A       N/A         2

Dungeon Overview and Level Annotations

Branches:
Dungeon (4/15)
 Temple: D:4-7

Altars:
Makhleb
Sif Muna
Wu Jian
Yredelemnul
The Shining One

Annotations:
D:4 Dowan, Duvessa


Innate Abilities, Weirdness & Mutations

You are immune to sickness and miasma.
Your stone body is resilient. (AC +4)
You are immune to poison.
You resist negative energy. (rN+)
You are resistant to electric shocks. (rElec)
You are resistant to unholy torment.
You are immune to petrification.


Message History

Duvessa hits you but does no damage.
You hit Duvessa.
Duvessa is heavily wounded.
Duvessa hits you but does no damage. Dowan hits you but does no damage.
Duvessa hits you with a +0 short sword!
* * * LOW HITPOINT WARNING * * *
There is an open door here.
Dowan gestures wildly while chanting.
Dowan blinks!
Duvessa barely misses you. Duvessa hits you but does no damage.
There is an open door here.
You closely miss Duvessa.
Duvessa is heavily wounded.
Duvessa hits you with a +0 short sword.
* * * LOW HITPOINT WARNING * * *
Duvessa hits you with a +0 short sword.
* * * LOW HITPOINT WARNING * * *
The ogre shouts!
Duvessa barely misses you.
There is an open door here.
Duvessa hits you but does no damage. The ogre hits you with a +0 giant club.
* * * LOW HITPOINT WARNING * * *
Duvessa hits you with a +0 short sword.
* * * LOW HITPOINT WARNING * * *
Duvessa hits you but does no damage.
Dowan gestures wildly while chanting.
Dowan blinks!
Duvessa hits you but does no damage. Duvessa hits you but does no damage.
Dowan says, "Stay away from my face!"
Duvessa hits you but does no damage.
There is a stone staircase leading up here.
Dowan casts a spell at you. You resist with some effort.
Duvessa hits you with a +0 short sword.
* * * LOW HITPOINT WARNING * * *
Duvessa hits you with a +0 short sword.
You die...
Your body rises from the dead as a mindless zombie.

#........................####'##.
#................................
................####.............
...#####........# #.............
...# #........# #.............
...# #........####...##.......#
...#####...............##.###....
.......................##.# #....
........##....##@......##.# #....
........##....##e....####'#####+#
.......###....##O....# #.........
.......#.............# #.........
............e.<......# #.........
#+###...............####.........
.#.(#...............##...........
.#..#..#.(..........##...........
#'..'..#............##...........


You could see Duvessa (fast) and an ogre.

Vanquished Creatures
  A hound (D:4)
  Jessica (D:3)
  An iguana (D:4)
  3 gnolls
  An adder (D:2)
  3 dart slugs
  An orc (D:3)
  7 ball pythons
  7 bats
  6 endoplasms
  4 giant cockroaches
  3 goblins
  10 hobgoblins
  11 jackals
  4 kobolds
  3 quokkas
  4 frilled lizards
  6 rats
76 creatures vanquished.

Vanquished Creatures (collateral kills)
  A kobold (D:4)
1 creature vanquished.

Grand Total: 77 creatures vanquished

Notes
Turn   | Place    | Note
-------+----------+-------------------------------------------
     0 | D:1      | wakim the Gargoyle Fighter began the quest for the Orb.
     0 | D:1      | Reached XP level 1. HP: 14/14 MP: 1/1
   124 | D:1      | Reached XP level 2. HP: 15/19 MP: 2/2
   773 | D:1      | Reached XP level 3. HP: 23/23 MP: 3/3
  1681 | D:2      | Found a faded altar of an unknown god.
  1693 | D:2      | Reached XP level 4. HP: 29/29 MP: 4/4
  1695 | D:2      | Became a worshipper of Yredelemnul the Dark
  1695 | D:2      | Reached * piety under Yredelemnul
  3152 | D:2      | Reached XP level 5. HP: 31/33 MP: 5/5
  3526 | D:3      | Noticed Jessica
  3539 | D:3      | Killed Jessica
  3552 | D:3      | Found a shimmering blue altar of Sif Muna.
  3992 | D:3      | Found a burning altar of Makhleb.
  3992 | D:3      | Noticed a balrug
  3995 | D:3      | Noticed a hellwing
  3995 | D:3      | Noticed a neqoxec
  4148 | D:3      | Found an ornate altar of the Wu Jian Council.
  4826 | D:4      | Noticed Duvessa
  4988 | D:4      | Noticed an ogre
  5224 | D:4      | Found a glowing golden altar of the Shining One.
  5234 | D:4      | Noticed Dowan
  5278 | D:4      | Slain by Duvessa

Illustrated notes

Levels and vault maps discovered:
D:1:      elethiomel_arrival_quiet, layout_basic, st_stairs_7
D:2:      layout_basic, hellmonk_ecumenical_altar_crossroads
D:3:      layout_loops_cross, tgw_sif, nicolae_wu_jian_glorious_leap,
          makhleb_altar_promises_db
D:4:      layout_basic, mainiacjoe_overflow_24_doors, uniq_duvessa

Skill      XL: |  1  2  3  4  5 |
---------------+----------------+-----
Maces & Flails | 3 |  3.9
Armour         | 4 |  4.4
Shields        | 4 |  4.1
Fighting       | 4 |  4.1
Invocations    | |  0.5

Action                   |  1- 3 |  4- 6 || total
-------------------------+-------+-------++-------
Melee: Flail             |   118 |   177 ||   295
  Use: Scroll            |     3 |     5 ||     8
Armor: Scale mail        |    12 |       ||    12
       Plate armour      |    81 |   172 ||   253
Dodge: Dodged            |    52 |    85 ||   137
